 Seeded DCSS version 0.30-a0-241-g1121274140 (webtiles) character file.

Game seed: 6617275544464515907 (custom seed)

17596 Iusername the Severer (level 12, -6/108 HPs)
             Began as a Minotaur Fighter on Oct 10, 2022.
             Mangled by a skeletal warrior
             ... wielding a +0 morningstar
              (19 damage)
             ... on level 12 of the Dungeon.
             The game lasted 00:14:24 (11825 turns).

Iusername the Severer (Minotaur Fighter)           Turns: 11825, Time: 00:14:24

Health: -6/108     AC: 23    Str: 31    XL:     12   Next: 20%
Magic:  11/11      EV: 12    Int:  5    God:
Gold:   646        SH:  0    Dex: 11    Spells: 11/11 levels left

rFire   . . .      SeeInvis .    B - +3 battleaxe
rCold   . . .      Faith    .    (shield currently unavailable)
rNeg    . . .      Spirit   .    b - +0 scale mail
rPois   .          Reflect  .    (helmet restricted)
rElec   .          Harm     .    I - +2 cloak
rCorr   .          Rampage  .    s - +2 pair of gloves
Will    .....                    H - +2 pair of boots
Stlth   ..........               k - amulet of regeneration
HPRegen 1.18/turn                j - +4 ring of protection
MPRegen 0.12/turn                h - +6 ring of strength

@: no status effects
A: horns 2, retaliatory headbutt
a: no special abilities


You were on level 12 of the Dungeon.
You visited 1 branch of the dungeon, and saw 12 of its levels.

You collected 646 gold pieces.

Inventory:

Hand Weapons
 a - a +0 trident
 B - a +3 battleaxe (weapon)
Missiles
 D - 4 javelins (quivered)
Armour
 b - a +0 scale mail (worn)
 p - a scarf of shadows
 s - a +2 pair of gloves (worn)
 H - a +2 pair of boots (worn)
 I - a +2 cloak (worn)
Jewellery
 h - a +6 ring of strength (right hand)
 j - a +4 ring of protection (left hand)
 k - an amulet of regeneration (around neck)
 E - a +4 ring of protection
 J - an amulet of the acrobat
 N - a ring of protection from cold
Wands
 t - a wand of mindburst (4)
 L - a wand of quicksilver (4)
Scrolls
 c - 2 scrolls of amnesia {unknown}
 d - a scroll of enchant weapon {unknown}
 e - 4 scrolls of teleportation {unknown}
 f - a scroll of torment {unknown}
 g - 2 scrolls of noise
 l - 5 scrolls of fear
 n - a scroll of summoning {unknown}
 q - 3 scrolls of blinking {unknown}
 v - 4 scrolls of immolation {unknown}
 w - 2 scrolls of enchant armour {unknown}
 x - 2 scrolls of identify
 y - 2 scrolls of magic mapping {unknown}
 C - a scroll of acquirement {unknown}
 K - a scroll of silence {unknown}
 M - a scroll of butterflies {unknown}
Potions
 i - a potion of attraction {unknown}
 m - 4 potions of flight
 o - 5 potions of curing
 r - 2 potions of degeneration
 u - 2 potions of haste
 z - a potion of invisibility
 A - a potion of ambrosia {unknown}
 G - 2 potions of mutation {unknown}


   Skills:
 + Level 10.9 Fighting
 + Level 16.6(17.9) Axes
 + Level 11.3(15.3) Polearms
 + Level 11.8 Armour
 + Level 5.7 Dodging
 + Level 1.2 Stealth
 + Level 5.6 Shields


You had 11 spell levels left.
You didn't know any spells.
Your spell library contained the following spells:

 Spells                   Type           Power      Damage    Failure   Level
 Beastly Appendage        Tmut           0%         N/A       67%         1
 Shock                    Conj/Air       0%         1d3       67%         1
 Blink                    Tloc           0%         N/A       80%         2
 Momentum Strike          Conj/Tloc      0%         3d8       80%         2
 Wereblood                Tmut           0%         N/A       80%         2
 Lesser Beckoning         Tloc           0%         N/A       95%         3
 Spider Form              Tmut/Pois      0%         N/A       95%         3
 Swiftness                Air            0%         N/A       95%         3
 Airstrike                Air            0%         2d(0-16)  100%        4
 Ice Form                 Ice/Tmut       0%         N/A       100%        4
 Summon Lightning Spire   Summ/Air       0%         N/A       100%        4
 Blade Hands              Tmut           0%         N/A       100%        5
 Lightning Bolt           Conj/Air       0%         1d11      100%        5
 Metabolic Englaciation   Hex/Ice        0%         N/A       100%        5
 Conjure Ball Lightning   Conj/Air       0%         3x3d6     100%        6
 Malign Gateway           Summ/Tloc      0%         N/A       100%        7
 Discord                  Hex            0%         N/A       100%        8
 Disjunction              Tloc           0%         N/A       100%        8
 Summon Horrible Things   Summ           0%         N/A       100%        8


Dungeon Overview and Level Annotations

Branches:
Dungeon (12/15)            Temple (0/1) D:4            Lair (0/5) D:9
    Orc (0/2) D:10

Altars:
Uskayaw

Shops:
D:11 =


Innate Abilities, Weirdness & Mutations

You have a pair of horns on your head.
You reflexively headbutt those who attack you in melee.


Message History

You hit the skeletal warrior but do no damage.
The skeletal warrior hits you from afar with a +0 glaive.
The skeletal warrior hits you but does no damage.
The skeletal warrior hits you with a +0 mace.
You slice the skeletal warrior!!
You destroy the skeletal warrior!
You hit the skeletal warrior but do no damage.
The skeletal warrior barely misses you. x2
The skeletal warrior hits you but does no damage.
You see here a +0 mace.
You closely miss the skeletal warrior. You headbutt the skeletal warrior.
The skeletal warrior is moderately damaged.
The skeletal warrior hits you with a +0 morningstar!
The skeletal warrior hits you from afar with a +0 glaive.
* * * LOW HITPOINT WARNING * * *
You closely miss the skeletal warrior.
Your headbutt misses the skeletal warrior.
The skeletal warrior is moderately damaged.
You hit the skeletal warrior but do no damage.
You headbutt the skeletal warrior, but do no damage.
The skeletal warrior is moderately damaged.
The skeletal warrior hits you but does no damage.
The skeletal warrior closely misses you.
You furiously retaliate!
You headbutt the skeletal warrior! You barely miss the skeletal warrior.
The skeletal warrior is moderately damaged.
The skeletal warrior closely misses you.
The skeletal warrior hits you with a +0 morningstar.
* * * LOW HITPOINT WARNING * * *
You slice the skeletal warrior!!
You headbutt the skeletal warrior, but do no damage.
The skeletal warrior is severely damaged.
The skeletal warrior closely misses you.
The skeletal warrior hits you with a +0 morningstar!!
* * * LOW HITPOINT WARNING * * *
You slash the skeletal warrior!
The skeletal warrior is almost destroyed.
The skeletal warrior hits you but does no damage.
The skeletal warrior hits you with a +0 morningstar!!
You die...

##### ##..... ......#
#### ....... ...# ######
......#
...######....####......#
.......................#
...######....##.@z####
...# #....##)..# ...#
#....##.z.# ...#
#....##...# ####
#######...# #...# #####


You could see 2 skeletal warriors.

Vanquished Creatures
  2 two-headed ogres
  2 skeletal warriors (D:12)
  An ugly thing (D:11)
  2 cyclopes
  Maurice (D:9)
  A kobold demonologist (D:10)
  Psyche (D:11)
  A komodo dragon (D:9)
  4 trolls
  A hornet (D:9)
  3 shadows
  2 wyverns
  A vampire (D:11)
  36 yaks
  A wraith (D:11)
  A basilisk (D:9)
  3 vampire mosquitoes (D:11)
  2 steam dragons
  4 water moccasins
  A swamp drake (D:9)
  4 orc warriors
  2 ice beasts (D:6)
  A black bear (D:5)
  2 centaurs (D:9)
  2 phantoms (D:4)
  A kobold brigand (D:7)
  3 bullfrogs
  A necrophage (D:4)
  6 scorpions
  A gnoll sergeant (D:6)
  18 wights
  14 killer bees
  2 howler monkeys (D:11)
  A hound (D:3)
  3 jellies
  12 orc priests
  Crazy Yiuf (D:2)
  A gnoll bouda (D:6)
  An iguana (D:4)
  19 orc wizards
  8 gnolls (D:6)
  5 adders
  A shadow imp (D:7)
  2 white imps
  A worm (D:2)
  A dart slug (D:2)
  46 orcs
  3 bats
  8 endoplasms
  6 giant cockroaches
  11 goblins
  7 hobgoblins
  2 jackals (D:4)
  13 kobolds
  3 quokkas
  6 ball pythons
  4 frilled lizards
  6 rats
298 creatures vanquished.

Notes
Turn   | Place    | Note
-------+----------+-------------------------------------------
     0 | D:1      | Iusername the Minotaur Fighter began the quest for the Orb.
     0 | D:1      | Reached XP level 1. HP: 19/19 MP: 0/0
   166 | D:1      | Reached XP level 2. HP: 27/27 MP: 1/1
   184 | D:1      | Found a faded altar of an unknown god.
   775 | D:2      | Reached XP level 3. HP: 33/33 MP: 2/2
  1464 | D:2      | Found a runed translucent door.
  1465 | D:2      | Noticed Crazy Yiuf
  1473 | D:2      | Killed Crazy Yiuf
  1474 | D:2      | Reached XP level 4. HP: 22/40 MP: 0/3
  1953 | D:3      | Reached XP level 5. HP: 40/47 MP: 4/4
  2577 | D:4      | Reached skill level 5 in Armour
  2577 | D:4      | Reached skill level 1 in Dodging
  2731 | D:4      | Noticed a phantom
  2737 | D:4      | Noticed a phantom
  2742 | D:4      | Killed a phantom
  2743 | D:4      | Reached skill level 5 in Polearms
  2743 | D:4      | Reached XP level 6. HP: 55/55 MP: 5/5
  2757 | D:4      | Reached skill level 5 in Fighting
  2897 | D:4      | Reached skill level 5 in Shields
  2916 | D:4      | Reached XP level 7. HP: 61/61 MP: 6/6
  3032 | D:4      | Found a staircase to the Ecumenical Temple.
  3085 | D:5      | Entered Level 5 of the Dungeon
  3465 | D:5      | Found Kuiziat's Antique Armour Shop.
  3880 | D:6      | Noticed a steam dragon
  3897 | D:6      | Reached XP level 8. HP: 21/69 MP: 7/7
  5115 | D:6      | Reached XP level 9. HP: 24/75 MP: 8/8
  5284 | D:6      | Reached skill level 10 in Polearms
  5601 | D:7      | Noticed a cyclops
  5614 | D:7      | Killed a cyclops
  6016 | D:7      | Found a hide-covered altar of Uskayaw.
  6254 | D:8      | Reached skill level 2 in Axes
  6448 | D:8      | Reached XP level 10. HP: 44/79 MP: 9/9
  6449 | D:8      | Reached skill level 3 in Axes
  6739 | D:8      | Reached skill level 4 in Axes
  6749 | D:8      | Reached skill level 5 in Axes
  6785 | D:8      | Reached skill level 10 in Armour
  6872 | D:8      | Reached skill level 6 in Axes
  6873 | D:8      | Reached skill level 7 in Axes
  7430 | D:9      | Reached skill level 8 in Axes
  7752 | D:9      | Reached skill level 9 in Axes
  7795 | D:9      | Reached skill level 10 in Axes
  7884 | D:9      | Identified the +1 scale mail "Doivecez" {Fly rF+}
  7933 | D:9      | Reached skill level 11 in Axes
  8059 | D:9      | Noticed a two-headed ogre
  8065 | D:9      | Killed a two-headed ogre
  8066 | D:9      | Reached skill level 12 in Axes
  8140 | D:9      | Reached skill level 5 in Dodging
  8140 | D:9      | Reached XP level 11. HP: 71/95 MP: 10/10
  8253 | D:9      | Found a staircase to the Lair.
  8491 | D:9      | Noticed Maurice
  8589 | D:9      | Killed Maurice
  8832 | D:9      | Got the Precepts of Transmutation and Firn
  8877 | D:9      | Reached skill level 13 in Axes
  9014 | D:10     | Entered Level 10 of the Dungeon
  9415 | D:10     | Found a staircase to the Orcish Mines.
  9477 | D:10     | Reached skill level 14 in Axes
 10443 | D:11     | Noticed Psyche
 10450 | D:11     | Reached skill level 15 in Axes
 10452 | D:11     | Killed Psyche
 10524 | D:11     | Noticed a green ugly thing
 10529 | D:11     | Reached skill level 10 in Fighting
 10537 | D:11     | Killed a green ugly thing
 10807 | D:11     | Found Osoy's Jewellery Emporium.
 11182 | D:11     | Reached skill level 16 in Axes
 11644 | D:11     | Noticed a two-headed ogre
 11651 | D:11     | Killed a two-headed ogre
 11652 | D:11     | Reached skill level 1 in Stealth
 11652 | D:11     | Reached XP level 12. HP: 99/107 MP: 11/11
 11825 | D:12     | Mangled by a skeletal warrior

Illustrated notes

Levels and vault maps discovered:
D:1:      eino_arrival_tree_alley, layout_loops_ring,
          hellmonk_ecumenical_altar_crossroads
D:2:      minmay_diamond_boxcup, layout_loops_ring, uniq_crazy_yiuf_cottage
D:3:      layout_basic
D:4:      layout_basic, temple_hall, serial_bayou_ford_a
D:5:      layout_gridville, serial_shops, shop_fountains
D:6:      layout_loops_ring
D:7:      layout_rooms, mainiacjoe_overflow_surrounded_room, enter_bailey_3,
          minmay_manual_monolith
D:8:      layout_loops_ring, chequers_serial_rivers_micro_d
D:9:      layout_irregular_city, erik_lair_dragon, grunt_ministairs_14,
          roderic_serpentine_path, uniq_maurice
D:10:     layout_gridville, orc_0_dummy
D:11:     layout_layer_cave, serial_shops, nicolae_shop_statue_plus, uniq_psyche
D:12:     layout_basic, biasface_ghost_orc_armoury, dk_noncrumbling_3,
          minmay_misc_feat_tiny, nicolae_vehumet_altar_sigil

Skill      XL: |  1  2  3  4  5  6  7  8  9 10 11 |
---------------+----------------------------------+-----
Shields        | 4 5 |  5.6
Armour         | 4 5 6 7 9 10 11 | 11.8
Fighting       | 4 5 6 7 8 10 | 10.9
Polearms       | 3 4 5 6 7 9 11 | 11.3
Dodging        | 1 2 3 5 |  5.7
Axes           | 2 12 16 | 16.6
Stealth        | 1 |  1.2

Action                   |  1- 3 |  4- 6 |  7- 9 | 10-12 || total
-------------------------+-------+-------+-------+-------++-------
Melee: Trident           |   146 |   110 |   265 |       ||   521
       Headbutt          |     8 |     9 |    61 |    64 ||   142
       Battleaxe         |       |       |    25 |   324 ||   349
       Punch             |       |       |     1 |       ||     1
  Use: Potion            |     1 |       |     6 |     3 ||    10
       Scroll            |       |       |     7 |       ||     7
Armor: Scale mail        |    42 |    46 |   152 |   198 ||   438
Dodge: Dodged            |    46 |    34 |   175 |   198 ||   453
Block: Buckler           |    28 |    24 |    18 |       ||    70

Table legend: (Time is in decaauts)
 A = Elapsed time spent in this place.
 B = Non-inter-level travel time spent in this place.
 C = Inter-level travel time spent in this place.
 D = Time resting spent in this place.
 E = Time spent auto-exploring this place.
 F = Levels seen in this place.
 G = Mean time per level.
                   A        B        C        D        E       F      G
               +--------+--------+--------+--------+--------+-----+--------+
         Total |  11850 |  11137 |    713 |   2243 |   7121 |  12 |  987.5 |
       Dungeon |  11850 |  11137 |    713 |   2243 |   7121 |  12 |  987.5 |
               +--------+--------+--------+--------+--------+-----+--------+

Top non-repeatable levels by time:
     D:6: 1745 daAuts
     D:9: 1655 daAuts
    D:11: 1276 daAuts
     D:8: 1224 daAuts
    D:10: 985 daAuts
     D:2: 961 daAuts
     D:3: 883 daAuts
     D:1: 784 daAuts
     D:5: 770 daAuts
     D:7: 730 daAuts
     D:4: 702 daAuts
    D:12: 131 daAuts
